Map: Oxide LE

Players

DPGCure (Cure) - Winner!

  • Race: Terran Terran
  • League: Master

DPGZest (Zest)

  • Race: Protoss Protoss

Event: TSL 7

VOD

Have the link to the VOD?

Description

Time

  • Played on: June 27, 2021, 11:04 a.m.
  • Length: 9:27

All games in this series

Show
View Real Time Build Order
Export as new Build Order

DPGCure Terran - Winner!

Build Orders:  

Get SALT Encoding   

  12  0:00  SCV  
  13  0:12  SCV  
  14  0:18  Supply Depot  
  14  0:24  SCV  
  15  0:39  SCV  
  15  0:40  Barracks  
  16  0:46  Refinery  
  16  0:52  SCV  
  16  0:55  Refinery  
  17  1:04  SCV  
  18  1:16  SCV  
  19  1:28  Reaper, Orbital Command  
  20  1:43  Factory  
  20  1:51  Supply Depot  
  20  1:53  SCV  
  21  2:00  Reaper  
  22  2:06  SCV  
  23  2:18  SCV  
  24  2:28  Hellion  
  26  2:30  SCV  
  26  2:39  Command Center  
  26  2:44  SCV, Supply Depot  
  27  2:49  Widow Mine  
  29  2:58  Starport, SCV  
  30  3:10  Widow Mine, SCV  
  33  3:17  Supply Depot  
  33  3:22  SCV  
  34  3:33  Widow Mine  
  36  3:35  Medivac  
  36  3:36  Barracks Reactor  
  36  3:37  SCV  
  39  3:49  SCV  
  39  3:52  Orbital Command, Bunker  
  39  3:55  Factory Tech Lab  
  40  4:01  SCV  
  41  4:06  Starport Tech Lab  
  41  4:10  Barracks  
  41  4:13  SCV, Marine x2  
  44  4:18  Siege Tank  
  44  4:20  SCV  
  44  4:21  Supply Depot  
  48  4:25  SCV, Raven  
  48  4:31  Marine x2  
  51  4:37  SCV x2  
  51  4:49  Marine x2  
  51  4:50  SCV x2  
  51  4:52  Siege Tank  
  56  4:57  Barracks  
  56  4:59  Refinery, Barracks Tech Lab  
  56  5:04  SCV x2, Engineering Bay  
  56  5:07  Marine x2  
  60  5:16  SCV x2  
  60  5:22  Marine, Stimpack  
  60  5:24  Marine  
  60  5:27  Supply Depot x2  
  62  5:28  SCV x2  
  62  5:30  Starport Reactor  
  62  5:35  Marine  
  64  5:37  Terran Infantry Weapons Level 1  
  64  5:39  Factory Tech Lab, Marine  
  64  5:40  SCV  
  64  5:42  Marine  
  66  5:45  SCV  
  66  5:48  Refinery  
  68  5:52  SCV, Supply Depot  
  68  5:53  Missile Turret  
  68  5:54  Marine  
  70  5:57  Marine  
  70  5:58  Marine  
  70  6:00  Combat Shield  
  70  6:03  SCV  
  73  6:04  SCV  
  73  6:08  Marine  
  73  6:09  Medivac  
  77  6:11  Marine  
  78  6:19  Marauder x2  
  78  6:21  Siege Tank  
  85  6:26  Marine  
  85  6:27  Supply Depot  
  85  6:29  Marine, Supply Depot  
  87  6:35  Medivac  
  89  6:40  Marauder x2  
  89  6:42  Command Center  
  89  6:44  Marine  
  94  6:48  Marine  
  94  6:49  Supply Depot  
  94  6:52  Supply Depot  
  95  7:01  Marine, Siege Tank  
  95  7:02  Marauder x2, Concussive Shells  
  95  7:06  Marine  
  95  7:07  SCV  
  95  7:08  SCV  
  106  7:11  Medivac  
  108  7:16  Supply Depot  
  108  7:18  Barracks x2  
  108  7:25  Marauder, Marine x2  
  108  7:26  Marauder  
  114  7:32  Terran Infantry Armor Level 1  
  114  7:33  Siege Tank  
  114  7:34  SCV x2  
  119  7:41  Viking  
  121  7:56  Marauder x2, Marine x2  
  121  7:57  SCV x2  
  121  8:04  Viking  
  113  8:08  SCV  
  113  8:09  SCV  
  113  8:10  Marine  
  113  8:11  Marauder  
  115  8:14  Marine, Siege Tank  
  115  8:18  Marauder  
  105  8:29  Marine  
  105  8:30  Marauder  
  105  8:31  Barracks Reactor, Orbital Command  
  105  8:32  Marauder  
  110  8:37  Viking x2  
  114  8:42  Marauder, Marine  
  114  8:47  Marine, Siege Tank  
  121  8:51  Marauder  
  118  9:03  Marine x2  
  118  9:04  Marauder  
  118  9:05  SCV x3, Marine  
Show
View Real Time Build Order
Export as new Build Order

DPGZest Protoss 

Build Orders: 1 Gate Expand, Colossus Rush 

Get SALT Encoding   

  12  0:00  Probe  
  13  0:12  Probe  
  14  0:17  Pylon  
  14  0:24  Probe (Chrono Boost)  
  15  0:36  Probe (Chrono Boost), Gateway  
  16  0:44  Probe (Chrono Boost)  
  16  0:46  Assimilator  
  17  0:51  Probe  
  18  1:03  Probe  
  19  1:15  Probe  
  20  1:23  Cybernetics Core  
  20  1:33  Nexus  
  20  1:36  Probe  
  21  1:43  Pylon  
  21  1:48  Probe  
  21  1:51  Assimilator  
  22  1:58  Stalker (Chrono Boost)  
  22  2:02  Probe  
  22  2:06  Warp Gate  
  25  2:15  Probe  
  25  2:25  Stalker  
  28  2:30  Probe (Chrono Boost)  
  28  2:38  Pylon  
  28  2:42  Probe (Chrono Boost)  
  29  2:45  Probe (Chrono Boost)  
  30  2:54  Probe (Chrono Boost)  
  30  2:55  Probe (Chrono Boost)  
  30  2:57  Stalker  
  33  3:02  Probe  
  33  3:03  Probe  
  35  3:13  Robotics Facility  
  35  3:14  Probe  
  35  3:15  Probe  
  37  3:26  Probe, Gateway  
  38  3:28  Probe  
  39  3:37  Pylon  
  39  3:40  Probe (Chrono Boost)  
  41  3:42  Probe (Chrono Boost)  
  41  3:50  Pylon  
  41  3:51  Probe (Chrono Boost)  
  41  3:52  Probe (Chrono Boost), Assimilator  
  43  3:59  Probe (Chrono Boost)  
  43  4:00  Probe (Chrono Boost), Observer  
  43  4:01  Sentry  
  48  4:05  Probe (Chrono Boost)  
  48  4:06  Probe  
  48  4:08  Pylon  
  50  4:11  Assimilator  
  50  4:16  Probe  
  51  4:18  Probe, Pylon  
  51  4:21  Observer  
  53  4:27  Stalker x2  
  53  4:29  Probe  
  53  4:30  Probe  
  59  4:32  Robotics Bay  
  59  4:41  Probe (Chrono Boost)  
  55  4:48  Probe (Chrono Boost)  
  55  4:53  Probe (Chrono Boost)  
  55  4:59  Probe (Chrono Boost)  
  57  5:01  Stalker x2  
  57  5:02  Probe (Chrono Boost)  
  57  5:04  Probe (Chrono Boost)  
  57  5:07  Probe, Pylon  
  64  5:14  Probe  
  64  5:19  Colossus (Chrono Boost)  
  64  5:20  Probe  
  69  5:30  Extended Thermal Lance  
  69  5:36  Nexus  
  69  5:40  Pylon  
  69  5:41  Probe x2  
  71  5:47  Twilight Council  
  71  5:48  Phoenix  
  71  5:50  Forge  
  71  5:53  Probe x2  
  73  6:02  Colossus (Chrono Boost), Shield Battery  
  73  6:08  Probe  
  73  6:09  Sentry  
  83  6:11  Probe  
  83  6:15  Shield Battery  
  83  6:20  Probe, Stalker  
  83  6:23  Probe  
  87  6:31  Charge (Chrono Boost)  
  88  6:32  Probe  
  88  6:33  Protoss Ground Weapons Level 1 (Chrono Boost)  
  88  6:46  Colossus (Chrono Boost)  
  94  6:48  Phoenix, Zealot, Sentry  
  94  6:51  Gateway  
  94  6:52  Gateway  
  98  6:59  Observer, Gateway  
  98  7:06  Gateway  
  98  7:09  Gateway  
  98  7:19  Gateway  
  98  7:20  Observer  
  98  7:21  Pylon  
  98  7:26  Zealot x2  
  98  7:29  Disruptor (Chrono Boost), Pylon x2  
  102  7:36  Pylon  
  105  7:47  Stalker  
  105  7:48  Stalker x3  
  87  8:04  Stalker x2  
  87  8:05  Stalker  
  68  8:14  Zealot x5  
  65  8:29  Zealot  
  65  8:30  Zealot x2  
  65  8:31  Probe x2  
  72  8:34  Zealot x5  
  79  8:50  Stalker x3  
  72  9:04  Zealot x5  
Tags
 
Event
TSL 7
League
Master
Matchup
PvT
Player
CureZest
Add a new tag
Caveats
  • Supply blocks, unpowered buildings, or Contaminate may cause inaccurate times.
  • Supply counts are checked every 10 seconds.